[Event "Marmaris Karya-18 GM-May 2022"]
[Site "Icmeler-Marmaris"]
[Date "2022.05.13"]
[Round "7.4"]
[White "Ozdemir, Serhan Berat"]
[Black "Blesic, Vaso"]
[Result "0-1"]
[ECO "C54"]
[WhiteElo "2117"]
[BlackElo "2264"]
[Annotator "TA"]
[PlyCount "110"]
[EventDate "2022.05.11"]
[EventCountry "TUR"]
[SourceTitle "playchess.com"]
[Source "ChessBase"]
[SourceQuality "1"]
[TimeControl "5400+30"]

1. e4 e5 2. Nf3 Nc6 3. Bc4 Bc5 4. d3 Nf6 5. c3 O-O 6. Nbd2 (6. O-O {is more complex.} d6 7. Bg5 h6 8. Bh4) 6... a6 {[%emt 0:02:30] C54: Giuoco Piano: 4 c3 Nf6, main lines with 5 d4 and 5 d3.} 7. Bb3 d5 8. Qe2 Re8 {[%emt 0:01:30] The position is equal.} 9. h3 h6 10. g4 Be6 (10... a5 $5 ) 11. Nf1 {[%emt 0:03:30] [#]} (11. g5 $11 hxg5 12. Nxg5) 11... Na5 $146 ({Predecessor:} 11... dxe4 12. dxe4 Bxb3 13. axb3 Qe7 14. Ng3 Qe6 15. b4 Bf8 16. g5 hxg5 17. Nxg5 Qd7 {½-½ (44) Holtel,J (1930)-Reinhold,K (1926) Germany 2014}) 12. g5 (12. Bxd5 $142 Bxd5 13. exd5) 12... hxg5 (12... dxe4 $1 $17 13. dxe4 Nxb3 14. axb3 hxg5) 13. Bxg5 $11 Nxb3 14. axb3 dxe4 15. dxe4 Bxb3 16. Rg1 b5 (16... Re6 $1 $15) 17. Nh4 {[%emt 0:02:30][%mdl 1024] Strongly threatening Qf3. White has compensation.} Re6 $1 18. Qf3 ({Better is} 18. Nd2 $14 Bc4 19. Nxc4 bxc4 20. Nf5) 18... Kf8 19. Ng3 ({White should play} 19. Nf5 $15 g6 20. Nd2) 19... Qd7 {[%emt 0:01:30] Black is more active.} (19... g6 $17 {White must now prevent ...Qd6.} 20. Nf1 Bc2) 20. Ngf5 $1 Qc6 {[%emt 0:06:30] [#]} (20... Rd8 $11) 21. Nxg7 $1 Qxe4+ (21... Rd6 $2 22. Nhf5 Qxe4+ 23. Qxe4 Nxe4 24. Be7+ Kg8 25. Ne6+ Kh7 26. Nxc5 Nxc5 27. Bxd6 (27. Nxd6 cxd6 28. Bxd6 Nd3+ 29. Ke2 Nxb2 $18) 27... cxd6 28. Rg7+ (28. Nxd6 Rd8 $16) 28... Kh8 29. Rg4 $18) 22. Qxe4 Nxe4 23. Nxe6+ Bxe6 {[%emt 0:00:00] A strong pair of Bishops.} 24. Be3 Bd6 25. Nf3 Bxh3 26. Rh1 Bc8 27. O-O-O Ke7 {[%emt 0:00:37] And now ...Bg4 would win.} 28. Rdg1 {[%emt 0:04:30] Against Bg4} Bb7 {[%emt 0:01:26][%cal Oe4c3] Hoping for ...Nxc3!} 29. Rg7 Bd5 30. Rh5 Nf6 31. Rh3 (31. Bg5 $5 Kd7 32. Bxf6 Bxf3 33. Rh6 $11 (33. Rxf7+ Ke6 $17)) 31... Ne4 32. Rh5 Nf6 33. Rh3 Ne4 34. Nh4 (34. Rh5 $11 {should be considered.}) 34... Ke6 35. Ng2 Rd8 (35... a5 $5 36. f4 Kd7 37. fxe5 Bxe5 $15) 36. f4 Bb3 (36... Kd7 $17) 37. Rh6+ (37. Rh1 $1 $11) 37... f6 (37... Kd7 $5 38. Rg4 Kc8 39. fxe5 Bxe5 $1 $17) 38. Rh1 $1 a5 39. Re1 a4 $36 {[%emt 0:00:38][%mdl 2048] Black has strong initiative.} 40. Bg1 $2 {[%emt 0:02:56][%mdl 8192] Now White is beyond hope.} (40. fxe5 $17 fxe5 41. Bg5 Nxg5 42. Rxg5) 40... a3 $19 41. Kb1 ({Don't go for} 41. Rxe4 $2 a2 42. f5+ Kxf5) (41. Ne3 $142 Bf8 42. f5+ Kd6 43. Rg6) 41... Nd2+ 42. Ka1 Nf3 $2 (42... Ra8 {( -> ...axb2+)} 43. f5+ Kxf5 44. Nh4+ Ke6 45. Rxe5+ Bxe5 46. Re7+ Kxe7 47. Ng6+ Kf7 48. Nxe5+ fxe5 49. bxa3 Rxa3+ 50. Kb2 Ra2+ 51. Kc1 Nc4 52. Kb1 Rc2 53. Bc5 Nd2+ 54. Ka1 Ra2#) 43. Ne3 $2 (43. Rf1 Nd2 44. Rf2) 43... exf4 44. Rf1 Nxg1 45. Ng4 Ne2 {[%emt 0:00:26] ...Bf8 is the strong threat.} 46. Rf2 {[%emt 0:00:23] [#]} axb2+ (46... Be5 $142 $1 47. Rf1 Rd2 48. Rxc7 axb2+ 49. Kb1 Bxc7 50. Re1 Bd6 51. Nh2 Bd5 52. Rxe2+ Rxe2 53. Ng4 Be4+ 54. Ka2 b1=Q#) 47. Kxb2 Bc4 48. Rh2 Ra8 {[%emt 0:00:21] Black mates.} 49. Kb1 Nxc3+ 50. Kc2 b4 51. Rh6 Ra2+ 52. Kc1 b3 53. Rxf6+ Kd5 54. Rg5+ Kd4 55. Ne3 Ba3# {[%emt 0:00:06] Weighted Error Value: White=0.97/Black=0.47} 0-1

[Event "Marmaris Karya-18 GM-May 2022"]
[Site "Icmeler-Marmaris"]
[Date "2022.05.13"]
[Round "7.5"]
[White "Inci, Okan"]
[Black "Toufighi, Homayoon"]
[Result "0-1"]
[ECO "E94"]
[WhiteElo "1688"]
[BlackElo "2439"]
[Annotator "TA"]
[PlyCount "72"]
[EventDate "2022.05.11"]
[EventCountry "TUR"]
[SourceTitle "playchess.com"]
[Source "ChessBase"]
[SourceQuality "1"]
[TimeControl "5400+30"]

1. d4 Nf6 2. Nf3 g6 3. c4 Bg7 4. Nc3 d6 5. e4 O-O 6. Be2 e5 7. O-O Nbd7 8. Be3 c6 9. d5 c5 10. Ne1 Ne8 11. Nd3 f5 12. f3 {[%emt 0:03:30] E94: King's Indian: Classical: 6 Be2 e5 7 0-0: Various Black 7th moves.} f4 13. Bd2 h5 14. Rb1 {[%emt 0:01:00] White is slightly better.} g5 {[%emt 0:03:30] [#]} 15. b4 $146 ({Predecessor:} 15. Nf2 Rf6 16. a3 Rg6 17. g4 fxg3 18. hxg3 Nef6 19. Kg2 Nf8 20. Rh1 Bh6 21. Qc1 {½-½ (41) Ostenstad,B (2474)-Djurhuus,R (2446) Norway 2010}) 15... b6 16. a4 Rf6 17. a5 Rg6 (17... cxb4 18. Nxb4 (18. Rxb4 bxa5 19. Rb1 h4 $14) 18... Nc5 19. Nc6 $16) 18. h3 (18. Be1 $14) 18... Ndf6 19. bxc5 (19. axb6 $11 axb6 20. Qc2) 19... bxc5 $15 20. Nf2 {[%emt 0:00:30] Against g4} Qxa5 21. Nb5 {[%emt 0:00:00] [#] Prevents Qc7. Black continues to play with concentration.} (21. Bd3 $15) 21... Qd8 $1 $17 22. Qa4 (22. Be1 $17 {was worth a try.}) 22... a6 23. Qa3 (23. Na3 $17) 23... g4 $19 24. fxg4 hxg4 25. hxg4 Nxg4 (25... Bxg4 26. Nxg4 axb5 27. Nxf6+ Nxf6 28. Qd3 $19) 26. Nxg4 Bxg4 27. Bxg4 Rxg4 ({Inferior is} 27... axb5 28. Qf3 $17 (28. Qh3 Rh6 $17)) 28. Qh3 Qg5 29. Nc3 Nf6 {[%emt 0:00:30] Hoping for ...Ra7.} 30. Be1 $2 (30. Rf3 {keeps fighting.} Kf7 31. Rb7+ Kg6 32. g3 (32. Ne2 $2 Rh8 $19)) 30... Kf7 {[%emt 0:00:30] ...Rh8 is the strong threat.} 31. Rb7+ {[%emt 0:02:08] [#]} Kg6 $1 {[%emt 0:00:00] White must now prevent ...Rh8.} 32. Qf3 Rh8 {[%emt 0:01:00] Strongly threatening ...Qh6.} 33. Rf2 Rg3 {[%emt 0:00:30] Threatens to win with ...Ng4.} 34. Qd1 Qh4 {[%emt 0:00:00][%csl Gh8][%cal Rh4h1] Black mates.} 35. Kf1 Re3 36. Rf3 Qh1+ {[%emt 0:00:30] Weighted Error Value: White=0.80/Black=0.05 (flawless)} 0-1

[Event "Marmaris Karya-18 GM-May 2022"]
[Site "Icmeler-Marmaris"]
[Date "2022.05.13"]
[Round "8.2"]
[White "Darban, Morteza"]
[Black "Gunduz, Umut Erdem"]
[Result "1/2-1/2"]
[ECO "C68"]
[WhiteElo "2279"]
[BlackElo "2316"]
[Annotator "TA"]
[PlyCount "28"]
[EventDate "2022.05.10"]
[EventType "tourn"]
[EventCountry "TUR"]
[SourceTitle "playchess.com"]
[Source "ChessBase"]
[SourceQuality "1"]
[TimeControl "5400+30"]

1. e4 e5 2. Nf3 Nc6 3. Bb5 a6 4. Bxc6 dxc6 5. O-O Bg4 6. h3 h5 7. c3 Qd3 8. hxg4 hxg4 9. Nxe5 Bd6 10. Nxd3 Bh2+ 11. Kh1 Bg3+ 12. Kg1 Bh2+ 13. Kh1 {[%emt 0:00:00] [#]} Bg3+ $146 ({Predecessor:} 13... Bd6+) 14. Kg1 Bh2+ {[%emt 0:00:00] An even fight not without its subleties. C68: Ruy Lopez: Exchange Variation, sidelines.} 1/2-1/2

[Event "Marmaris Karya-18 GM-May 2022"]
[Site "Icmeler-Marmaris"]
[Date "2022.05.13"]
[Round "8.3"]
[White "Blesic, Vaso"]
[Black "Angun, Batu"]
[Result "1/2-1/2"]
[ECO "D85"]
[WhiteElo "2264"]
[BlackElo "2326"]
[Annotator "TA"]
[PlyCount "30"]
[EventDate "2022.05.10"]
[EventType "tourn"]
[EventCountry "TUR"]
[SourceTitle "playchess.com"]
[Source "ChessBase"]
[SourceQuality "1"]
[TimeControl "5400+30"]

1. d4 Nf6 2. c4 g6 3. Nc3 d5 4. cxd5 Nxd5 5. e4 Nxc3 6. bxc3 Bg7 7. Nf3 $1 {[%emt 0:00:00][%mdl 4] is now more promising than 7.Bc4.} c5 8. Be3 Qa5 9. Nd2 {[%emt 0:00:30] D85: Exchange Grünfeld: Unusual White 7th moves and lines with 7 Nf3.} Nc6 {[%emt 0:00:30][%cal Rc5d4] [#]} 10. Nb3 $146 (10. d5 $1 $16 Ne5 11. Rc1) ({Predecessor:} 10. d5 Ne5 11. Rc1 O-O 12. h3 e6 13. f4 Nd7 14. dxe6 fxe6 15. e5 Nb6 16. c4 Qxa2 {1-0 (25) Fernandez,J (2414)-Geiser,A (2225) ICCF email 2017}) 10... Qxc3+ $11 {[%emt 0:00:00] The position is equal.} 11. Bd2 Qb2 12. Bc1 ({Of course not} 12. d5 Nd4 13. Rc1 Qxa2 14. Nxd4 Bxd4 15. Bb5+ Kf8 $15) 12... Qc3+ 13. Bd2 Qb2 14. Bc1 (14. d5 Nd4 15. Rc1 Qxa2 16. Nxd4 Bxd4 17. Bb5+ Bd7 18. Bxd7+ Kxd7) 14... Qc3+ 15. Bd2 Qb2 {[%emt 0:00:00] Weighted Error Value: White=0.12 (very precise) /Black=0.10 (very precise)} 1/2-1/2

[Event "Marmaris Karya-18 GM-May 2022"]
[Site "Icmeler-Marmaris"]
[Date "2022.05.13"]
[Round "8.5"]
[White "Sevdimaliyev, Urfan"]
[Black "Inci, Okan"]
[Result "1-0"]
[ECO "D03"]
[WhiteElo "2331"]
[BlackElo "1688"]
[Annotator "TA"]
[PlyCount "53"]
[EventDate "2022.05.10"]
[EventType "tourn"]
[EventCountry "TUR"]
[SourceTitle "playchess.com"]
[Source "ChessBase"]
[SourceQuality "1"]
[TimeControl "5400+30"]

1. d4 Nf6 2. Nf3 e6 3. Bg5 d5 4. Nbd2 c5 5. e3 Nc6 6. c3 Qb6 7. Rb1 {[%emt 0:01:00] D03: 1 d4 d5 2 Nf3 Nf6 3 Bg5, including Torre Attack with early ...d5.} Bd7 8. Bd3 cxd4 9. exd4 {[%emt 0:00:30] White is slightly better.} Be7 10. O-O h6 11. Bh4 O-O 12. Ne5 {[%emt 0:01:30] Strongly threatening Bxf6.} Qd8 {[%emt 0:07:30] [#]} 13. f4 $146 ({Predecessor:} 13. Ndf3 Ne8 14. Bg3 Nd6 15. Re1 Rc8 16. Bf4 Nxe5 17. Nxe5 Be8 18. Qg4 f5 19. Qe2 {1-0 (37) Ivanenko,B-Goncharov,O (2193) Kiev 2006}) 13... Ne8 14. Bf2 Nxe5 15. fxe5 f5 {[%emt 0:00:30] [#]} 16. exf6 $1 Nxf6 17. Qe2 {[%emt 0:01:30] White is more active.} Qc7 (17... Bd6 $14) 18. Nf3 ({White should try} 18. Bg3 $16 Qd8 19. Nf3) 18... Ng4 (18... Bd6 $1 $14) 19. Bg3 $16 Bd6 20. Bxd6 Qxd6 21. Rbe1 Rae8 22. h3 e5 (22... Rxf3 $16 23. gxf3 (23. hxg4 Rxf1+ 24. Rxf1 e5 $11) 23... Ne3) 23. dxe5 $18 ({Don't do} 23. hxg4 $6 e4 $16) 23... Qc5+ 24. Kh1 Rxe5 $2 (24... Nf6 25. Nd4 Bc6) 25. Nxe5 {[%emt 0:00:30] White is clearly winning.} Nf2+ {[%emt 0:00:36] [#]} 26. Rxf2 $1 Rxf2 (26... Qxf2 27. Nxd7) 27. Qe3 {[%emt 0:00:30] Weighted Error Value: White=0.11 (very precise) /Black=0.33} (27. Qh5 $142 Bb5 28. Qg6 Bxd3 29. Nxd3) 1-0

[Event "Marmaris Karya-18 GM-May 2022"]
[Site "Icmeler-Marmaris"]
[Date "2022.05.14"]
[Round "8.9"]
[White "Inci, Okan"]
[Black "Odeev, Handszar"]
[Result "0-1"]
[ECO "D91"]
[WhiteElo "1688"]
[BlackElo "2305"]
[Annotator "TA"]
[PlyCount "55"]
[EventDate "2022.05.11"]
[EventCountry "TUR"]
[SourceTitle "playchess.com"]
[Source "ChessBase"]
[SourceQuality "1"]
[TimeControl "5400+30"]

1. d4 Nf6 2. Nf3 g6 3. c4 Bg7 4. Nc3 d5 5. Bg5 Ne4 6. Bf4 {[%emt 0:07:30] [#]} ({Avoid the trap} 6. Nxd5 $2 Nxg5 7. Nxg5 e6 $19) 6... dxc4 $146 {[%emt 0:31:30][%mdl 8192] White stays focused until the end. D91: Grünfeld: 4 Nf3 Bg7 5 Bg5.} ({Predecessor:} 6... Nxc3 7. bxc3 dxc4 8. e4 b5 9. a4 c6 10. h4 Bg4 11. h5 Bxh5 12. Rxh5 gxh5 13. e5 Qd5 14. Qe2 b4 15. cxb4 Na6 {½-½ (60) Giri,A (2773)-Duda,J (2750) Oslo 2022}) 7. Nxe4 $18 Be6 8. e3 b6 {[%emt 0:00:30] White is winning.} 9. Qb1 c3 10. bxc3 Bd5 11. Neg5 h6 12. e4 (12. Ne4 $142) 12... Be6 $2 (12... hxg5 13. Nxg5 (13. exd5 gxf4 14. Bc4 Rh5 $16) (13. Bxg5 Bb7 $16) 13... Bc6) 13. Be5 O-O 14. d5 Bd7 15. Bc4 c6 $2 (15... hxg5 $16 16. Bxg7 Kxg7) 16. O-O $2 cxd5 $2 (16... hxg5 $16 17. Bxg7 Kxg7) 17. exd5 Bf5 $2 (17... hxg5 18. Bxg7 Bf5) 18. Qc1 (18. Ne4 $142) 18... Be4 $2 (18... hxg5 19. Bxg7 (19. Qxg5 Bxe5 20. Nxe5 Qd6 $16) 19... Kxg7 20. Qxg5 Nd7) 19. Bxg7 Kxg7 20. Qf4 Bxf3 21. Qxf3 $2 ({Weaker is} 21. gxf3 hxg5 22. Qxg5 Nd7 $14) (21. Qe5+ $18 Kg8 22. Nxf3) 21... Nd7 $2 ({Better is} 21... hxg5 $14 22. Qe3 Nd7) 22. Rfe1 $2 Rc8 $2 ({Black should play} 22... hxg5 $14 23. Qe3 Nf6) 23. Ba6 Rc5 {[%emt 0:00:44] [#]} (23... hxg5 $142 24. Bxc8 Qxc8 25. Rxe7 Nf6) 24. Bf1 $2 Nf6 $2 (24... hxg5 $11 {and Black is okay.} 25. c4 Re8) 25. c4 $2 b5 $2 (25... hxg5 $11 26. h3 Re8) 26. Qe3 Qc7 27. cxb5 Nxd5 $2 (27... hxg5 $16 {is tougher.} 28. Qxe7 Nxd5 29. Qxg5 Nc3) 28. Qd4+ {[%emt 0:25:14][%mdl 32768] Weighted Error Value: White=2.27/Black=2.07. Loss on time!?} 0-1

[Event "Marmaris Karya-18 GM-May 2022"]
[Site "Icmeler-Marmaris"]
[Date "2022.05.14"]
[Round "9.1"]
[White "Blesic, Vaso"]
[Black "Caglar, Sila"]
[Result "1-0"]
[ECO "D26"]
[WhiteElo "2264"]
[BlackElo "2133"]
[Annotator "TA"]
[PlyCount "91"]
[EventDate "2022.05.11"]
[EventCountry "TUR"]
[SourceTitle "playchess.com"]
[Source "ChessBase"]
[SourceQuality "1"]
[TimeControl "5400+30"]

1. d4 d5 2. c4 dxc4 3. Nf3 Nf6 4. e3 e6 5. Bxc4 a6 6. O-O b5 7. Be2 $1 {[%emt 0:01:30][%mdl 4] outshines the older 7.Bd3.} Bb7 {[%emt 0:01:30] D26: Queen's Gambit Accepted: 4 e3 e6 5 Bxc5 c5 sidelines.} 8. a4 b4 9. a5 Be7 {[%emt 0:01:00] The position is equal.} 10. Nbd2 O-O 11. Nc4 Nbd7 12. Bd2 c5 13. Qa4 Rb8 14. Rfd1 Qc7 15. Rac1 Bc6 {[%emt 0:02:30] [#]} 16. Qa2 $146 ({Predecessor:} 16. Qa1 Qb7 17. Be1 cxd4 18. exd4 Rfc8 19. Bd2 Nd5 20. b3 Bb5 21. Qb1 Rc6 22. Bd3 {1-0 (38) Rahman,Z (2419)-Masum,H (2054) Dhaka 2021}) 16... Qb7 (16... Rfd8 {looks sharper.} 17. Nfe5 Bd5 18. b3 Nxe5 19. Nxe5 Ne4) 17. b3 Rfd8 18. Be1 cxd4 19. exd4 Be4 20. Ncd2 Bd5 21. Qc2 Bd6 (21... Rbc8 $5 22. Qd3 Nb8 $15) 22. Qd3 Ra8 23. Nc4 (23. Qe3 $11 {remains equal.}) 23... Bf4 $17 {[%emt 0:00:30] [#] Hoping for ...Be4.} 24. Ne3 Be4 25. Qc4 (25. Qd2 $142 Nd5 26. Rc4) 25... Bd6 $2 (25... Bxe3 $19 26. fxe3 Nd5) 26. Nd2 Rdc8 (26... Bd5 $11 27. Nxd5 Nxd5) 27. Nxe4 $16 Rxc4 $2 {[%emt 0:00:00] A mistake that costs the game.} (27... Nxe4 $16 28. Qd3 Nef6) 28. Nxd6 $18 Qb8 (28... Rxc1 29. Nxb7 Rxd1 30. Bxd1 Ra7) 29. Ndxc4 {[%emt 0:06:00] White is clearly winning.} g6 30. d5 exd5 31. Nxd5 Nxd5 32. Rxd5 Qe8 33. Bf3 Rb8 34. Bd2 Nf6 35. Re5 Qd7 36. Bg5 Kg7 37. Rce1 Qd3 38. R5e3 Qf5 39. Bh4 Rd8 40. h3 h5 41. Bg3 Nh7 42. Bd6 Qc2 43. Bxb4 {[%emt 0:00:30] [#] And now Be4 would win.} Rb8 44. Bc3+ Kh6 45. Be4 Qa2 46. Ra1 {[%emt 0:00:00] Weighted Error Value: White=0.21 (precise) /Black=0.50} 1-0

[Event "Marmaris Karya-18 GM-May 2022"]
[Site "Icmeler-Marmaris"]
[Date "2022.05.14"]
[Round "9.3"]
[White "Sevdimaliyev, Urfan"]
[Black "Angun, Batu"]
[Result "0-1"]
[ECO "A12"]
[WhiteElo "2331"]
[BlackElo "2326"]
[Annotator "TA"]
[PlyCount "84"]
[EventDate "2022.05.11"]
[EventCountry "TUR"]
[SourceTitle "playchess.com"]
[Source "ChessBase"]
[SourceQuality "1"]
[TimeControl "5400+30"]

1. Nf3 Nf6 2. b3 g6 3. Bb2 d5 4. e3 Bg7 5. c4 c6 6. Be2 O-O 7. O-O Bf5 {[%emt 0:02:30] A12: English Opening: 1...c6 with b3 by White.} 8. d4 Ne4 9. Nbd2 Nd7 {[%emt 0:00:30][%cal Bb8d7,Bd7f6,Bf6e4][%mdl 32] The position is equal.} 10. cxd5 cxd5 11. Rc1 Ndf6 {[%emt 0:00:00] [#]} 12. b4 $146 ({Predecessor:} 12. Ne5 Nxd2 13. Qxd2 Ne4 14. Qb4 f6 15. Nf3 b6 16. Ba6 Nd6 17. a4 Bc8 18. Be2 Bb7 {0-1 (51) Kotlar,A-Schwierzy,H Recklinghausen 1995}) 12... Qb6 13. Qa4 Bd7 14. Qa5 Qxa5 15. bxa5 Rfc8 16. Nxe4 Nxe4 17. Rfd1 (17. Ne5 $11 Ba4 18. f3) 17... Ba4 18. Re1 e6 19. Bd3 {[%emt 0:00:30] [#]} (19. Ne5 $15) 19... Bf8 $1 $17 20. a3 {[%emt 0:00:30] Prevents Bb4.} Nd6 21. Nd2 Nb5 22. Bxb5 Bxb5 23. f3 Bd6 24. g3 b6 25. axb6 axb6 26. Rxc8+ Rxc8 27. Rc1 {[%emt 0:00:00] Prevents Rc2.} Rxc1+ 28. Bxc1 $15 {[%emt 0:00:30][%mdl 4096] Endgame KBB-KBN} Kf8 {[%emt 0:00:30] Black is more active.} 29. e4 Ke8 30. f4 dxe4 31. Nxe4 Be7 32. Kf2 h6 33. Ke3 Kd7 34. g4 f5 35. gxf5 (35. Nc3 $17 {was called for.} Bc4 36. Kf3) 35... exf5 $19 ({Worse is} 35... gxf5 36. Nc3 Bc4 37. a4 $17) 36. Ng3 (36. Nc3 $17 {keeps fighting.} Bc4 37. a4) 36... Kc6 37. Bb2 Kd5 38. Kd2 Bd6 {[%emt 0:00:30] This bishop pair is nice.} 39. Ke3 Kc4 40. h4 h5 {[%emt 0:00:00] Black is clearly winning.} 41. Ne2 (41. d5 $142 Kxd5 42. Ne2) 41... Kb3 42. Bc1 Kc2 {[%emt 0:00:30] Weighted Error Value: White=0.38/Black=0.06 (flawless)} 0-1

[Event "Marmaris Karya-18 GM-May 2022"]
[Site "Icmeler-Marmaris"]
[Date "2022.05.14"]
[Round "9.4"]
[White "Odeev, Handszar"]
[Black "Ozdemir, Serhan Berat"]
[Result "1/2-1/2"]
[ECO "B20"]
[WhiteElo "2305"]
[BlackElo "2117"]
[Annotator "TA"]
[PlyCount "35"]
[EventDate "2022.05.11"]
[EventCountry "TUR"]
[SourceTitle "playchess.com"]
[Source "ChessBase"]
[SourceQuality "1"]
[TimeControl "5400+30"]

1. e4 c5 2. b3 e6 3. Bb2 b6 4. Nc3 Bb7 5. d4 cxd4 6. Qxd4 {[%emt 0:00:00] B20: Sicilian: Unusual White 2nd moves.} Nf6 7. e5 {[%emt 0:10:00] [#]} Nc6 $146 ({Predecessor:} 7... Nd5 8. Nxd5 Bxd5 9. Ne2 Nc6 10. Qd2 Rc8 11. Nf4 Be4 12. Bd3 Bb4 13. c3 Bxd3 14. Nxd3 {0-1 (20) Gauche,C (2197)-Di Berardino,D (2494) Florianopolis 2017}) 8. Qf4 Qb8 (8... Nh5 $5 9. Qg4 g6 $11) 9. Nb5 (9. Nf3 $14 {is superior.}) 9... Bb4+ $11 10. c3 Be7 11. Nd6+ Bxd6 12. exd6 e5 13. Qd2 O-O 14. O-O-O Ne4 (14... a5 $15) 15. Qe3 Nf6 16. Qd2 ({White should play} 16. Nf3 $11) 16... Ne4 (16... a5 $15) 17. Qe3 Nf6 18. Qd2 {[%emt 0:00:30] A rather calm draw.  Weighted Error Value: White=0.21 (precise) /Black=0.15 (very precise)} (18. Nf3 $11) 1/2-1/2

[Event "Marmaris Karya-18 GM-May 2022"]
[Site "Icmeler-Marmaris"]
[Date "2022.05.14"]
[Round "9.5"]
[White "Darban, Morteza"]
[Black "Inci, Okan"]
[Result "1/2-1/2"]
[ECO "A36"]
[WhiteElo "2279"]
[BlackElo "1688"]
[Annotator "TA"]
[PlyCount "104"]
[EventDate "2022.05.11"]
[EventCountry "TUR"]
[SourceTitle "playchess.com"]
[Source "ChessBase"]
[SourceQuality "1"]
[TimeControl "5400+30"]

1. c4 Nf6 2. g3 g6 3. Bg2 Bg7 4. Nc3 O-O 5. e4 d6 6. Nge2 c5 7. O-O e5 8. d3 Nc6 9. f4 {[%emt 0:03:30] 9.a3 is becoming the main line.} Bg4 {[%emt 0:00:00] A36: Symmetrical English vs ...g6: 4 Bg2 Bg7.} 10. h3 (10. f5 $14) 10... Bxe2 $11 11. Nxe2 Nd4 (11... exf4 $11 12. Bxf4 Nh5) 12. Nxd4 {[%emt 0:00:30] [#]} exd4 $146 ({Predecessor:} 12... cxd4 13. f5 Nd7 14. Qe1 Nc5 15. Rf3 a5 16. g4 g5 17. h4 h6 18. hxg5 hxg5 {½-½ (38) De Vogelaere,R (1963)-Gregory,A (1940) England 2017}) 13. Rb1 Rb8 14. Bd2 b5 15. cxb5 Rxb5 16. Qa4 Rb8 17. g4 Nd7 18. g5 Qc7 19. b3 h5 20. Rbc1 Nb6 21. Qa5 Qe7 22. Rc2 Nd7 (22... Rbe8 $142) 23. Bc1 Rfc8 24. h4 Nf8 25. Bh3 Rc7 26. Qe1 Qd8 27. Bd2 Rcb7 28. f5 {[%emt 0:11:30] Black must now prevent f6.} Be5 29. Bf4 Qe8 30. Qg3 Rb5 31. Bxe5 dxe5 32. Rfc1 {[%emt 0:02:30] White is more active.} Qe7 33. Rc4 a5 34. Qg2 R8b7 35. Qc2 {[%emt 0:00:30] Strongly threatening f6.} Nd7 {[%emt 0:00:30] [#]} 36. fxg6 $1 fxg6 {[%emt 0:00:00] [#]} 37. Bxd7 (37. Rf1 $1 $16) 37... Qxd7 {[%emt 0:00:00] The position is equal.} 38. Qg2 Qe7 39. Rf1 Rb4 40. Qc2 a4 41. Rxc5 {[%emt 0:01:03] aiming for Rc8+.} axb3 42. axb3 Rxb3 43. Rc8+ Kh7 44. Qc4 Qg7 {[%emt 0:00:00] Against Qg8+} 45. Rc1 Rc3 46. Rxc3 dxc3 {[%emt 0:00:00][%mdl 4096] Endgame KQR-KQR} 47. Kg2 c2 48. Qxc2 Qd7 {[%emt 0:00:30] Hoping for ...Qg4+.} 49. Kh2 Qf7 {[%emt 0:00:30] Prevents Rf8.} 50. Kg2 Qd7 {[%emt 0:00:30] And now ...Qg4+ would win.} 51. Kh2 Qf7 {[%emt 0:00:30] Prevents Rf8.} 52. Kg2 Qd7 {[%emt 0:00:00] Weighted Error Value: White=0.11 (very precise) /Black=0.13 (very precise)} 1/2-1/2